 Dungeon Crawl Stone Soup version 0.26.0-3-g156281e41b (webtiles) character file.

Game seed: 761224619454416016

12780 EnegeticOcto the Cleaver (level 11, 53/100 HPs)
             Began as a Deep Dwarf Fighter on Jan 9, 2021.
             Was an Elder of Makhleb.
             Quit the game on level 10 of the Dungeon.
             The game lasted 00:06:02 (5944 turns).

EnegeticOcto the Cleaver (Deep Dwarf Fighter)       Turns: 5944, Time: 00:06:03

Health: 53/100     AC: 18    Str: 26    XL:     11   Next: 66%
Magic:  13/13      EV:  4    Int:  9    God:    Makhleb [****..]
Gold:   2049       SH: 19    Dex: 12    Spells: 10/10 levels left

rFire    . . .     SeeInvis .   k - +2 war axe (vorpal)
rCold    . . .     Faith    .   s - +1 tower shield
rNeg     . . .     Spirit   .   y - +1 plate armour of the Tuna {Rampage rCorr Str+3}
rPois    .         Reflect  .   (no helmet)
rElec    .         Harm     .   (no cloak)
rCorr    +         Rampage  +   (no gloves)
Will     +....                  h - +2 pair of boots
Stlth    ..........             (no amulet)
HPRegen  0.00/turn              j - ring of attention (curse)
MPRegen  0.13/turn              (no ring)

@: mildly poisoned (53 -> 53), non-regenerating
A: damage resistance, heal wounds, sense surroundings 2, no regeneration
a: Heal Wounds, Renounce Religion, Minor Destruction, Lesser Servant of Makhleb,
Major Destruction


You were on level 10 of the Dungeon.
You worshipped Makhleb.
Makhleb was greatly pleased with you.
You visited 2 branches of the dungeon, and saw 11 of its levels.
You also visited: Sewer and Bailey.

You collected 2049 gold pieces.

Inventory:

Hand Weapons
 k - a +2 vorpal war axe (weapon)
Armour
 a - a +0 plate armour
 f - a +0 chain mail
 h - a +2 pair of boots (worn)
 s - a +1 tower shield (worn)
 y - the +1 plate armour of the Tuna (worn) {Rampage rCorr Str+3}
   (You found it on level 10 of the Dungeon)

   It affects your strength (+3).
   It provides partial protection from all sources of acid and corrosion.
   It bestows one free step when moving towards enemies.
Jewellery
 j - a cursed ring of attention (left hand)
 n - an uncursed ring of ice
 z - a cursed ring of attention
 D - a cursed ring of attention
Wands
 b - a wand of digging (3) {@v3}
 o - a wand of polymorph (8)
 t - a wand of iceblast (16) {@v2}
 v - a wand of enslavement (12)
 C - a wand of paralysis (8)
Scrolls
 c - a scroll of fear
 e - a scroll of immolation
 r - a scroll of enchant armour
 w - 2 scrolls of blinking {@r4}
Potions
 d - 4 potions of might {@q3}
 g - 2 potions of invisibility
 i - a potion of lignification
 l - 2 potions of ambrosia
 m - a potion of brilliance
 p - 3 potions of heal wounds {@q2}
 q - a potion of flight {unknown}
 u - 2 potions of mutation {unknown}
 x - a potion of curing {@q1}


   Skills:
 + Level 7.6 Fighting
 * Level 12.0 Axes
 + Level 9.2 Armour
 + Level 9.1 Shields
 + Level 9.7 Invocations


You had 10 spell levels left.
You didn't know any spells.
Your spell library was empty.

Dungeon Overview and Level Annotations

Branches:
Dungeon (10/15)            Temple (1/1) D:4           Sewer (visited)
 Bailey (visited)
   Lair: D:8-11         Orc: D:9-12

Altars:
Ashenzari
Cheibriados
Dithmenos
Elyvilon
Fedhas
Gozag
Hepliaklqana
Kikubaaqudgha
Makhleb
Nemelex Xobeh
Okawaru
Qazlal
Ru
Sif Muna
Trog
Uskayaw
Vehumet
Wu Jian
Xom
Yredelemnul
Zin
The Shining One


Innate Abilities, Weirdness & Mutations

You are resistant to damage.
You can heal yourself by infusing magical energy.
You passively map the area around you.
You do not regenerate.


Message History

You hit the gargoyle but do no damage.
The gargoyle is heavily damaged.
You closely miss the killer bee. You barely miss the killer bee.
The killer bee stings you but does no damage.
The killer bee stings you.
You are more poisoned.
The killer bee poisons you!
The killer bee stings you but does no damage.
The gargoyle hurls a stone arrow at you.
You block the stone arrow. The killer bee stings you.
You slash the gargoyle!
You destroy the gargoyle!
Makhleb accepts your kill.
You feel better.
You closely miss the killer bee. You miss the killer bee.
You feel sick.
The killer bee stings you but does no damage. x2
You block the killer bee's attack. x2
You miss the killer bee.
The killer bee is heavily wounded.
You hit the killer bee but do no damage.
You block the killer bee's attack. x2
The killer bee stings you but does no damage.
You block the killer bee's attack.
You miss the killer bee.
The killer bee is heavily wounded.
You closely miss the killer bee. The killer bee stings you.
You are more poisoned.
The killer bee poisons you! You block the killer bee's attack.
The killer bee stings you but does no damage.
The killer bee stings you.
You barely miss the killer bee.
The killer bee is heavily wounded.
You barely miss the killer bee.
You feel sick.
You block the killer bee's attack. x2; The killer bee stings you.
You are more poisoned.
The killer bee poisons you! You block the killer bee's attack.
You slice the killer bee!!
You kill the killer bee!
Makhleb accepts your kill.
You slash the killer bee!
You feel very sick. You block the killer bee's attack.
The killer bee barely misses you. The killer bee stings you.
You are more poisoned.
The killer bee poisons you!
You closely miss the killer bee.
The killer bee is almost dead.
You feel very sick. You block the killer bee's attack. x2
You miss the killer bee.
The killer bee is almost dead.
You feel very sick. You block the killer bee's attack.
The killer bee stings you but does no damage.
You closely miss the killer bee.
The killer bee is almost dead.
You feel sick. You block the killer bee's attack. x2
You miss the killer bee.
The killer bee is almost dead.
You feel very sick. You block the killer bee's attack.
The killer bee barely misses you.
You slash the killer bee!
You kill the killer bee!
Makhleb accepts your kill.
You feel better.
You feel sick.
No target in view!
No target in view!
No target in view!
No target in view!
No target in view!
You feel sick.
You feel sick.
You feel sick.
Done exploring.
Done exploring.
Done exploring.
Done exploring.
Done exploring.
No target in view!
No target in view!
No target in view!
No target in view!
No target in view!
No target in view!
No target in view!
No target in view!
No target in view!
Search for what [Enter for "."]? .
As you read the scroll labelled TUSEAPAOTO, it crumbles to dust.
The scroll dissolves into smoke.
It was a scroll of fog.
As you read the scroll of identify {@r1}, it crumbles to dust.
g - 2 potions of invisibility
As you read the scroll of identify {@r1}, it crumbles to dust.
i - a potion of lignification Oops, that ring feels deathly cold.
j - a cursed ring of attention (left hand) Drop what? 28/52 slots (_ for help) (? for menu, Esc to quit)
Okay, then.
Okay, then.
Are you sure you want to abandon this character and quit the game? (Confirm with "yes".)

#.........###
##########.......).# #
#.....#..###.....#.###
#.....#....'.....#.#..
#.....#....#.....#.#.#
#.....#....#.....#...#
#..§§§######.......#.#
#..§§§§§..###'##...#..
#..§§@§§..#....#...###
#..§§§§§..#....#...#..
#..§§§§...#....+...#.⌠
#.........######......
#######.†.....####.#.⌠
#....#.).....#....#..
#....#.......#....###
#....#.......#.......
#....#.......#...#...


There were no monsters in sight!

Vanquished Creatures
  An orc warlord (Bailey)
  A boulder beetle (D:10)
  3 two-headed ogres
  An unseen horror (D:10)
  Pikel (D:4)
  A cyclops (D:10)
  Joseph (D:10)
  A centaur zombie (D:7)
  A gargoyle (D:10)
  A centaur skeleton (D:10)
  Maggie (D:8)
  6 yaks (D:9)
  A human (Bailey)
  A steam dragon (D:7)
  5 water moccasins
  5 orc warriors
  2 sky beasts
  2 eyes of draining (D:10)
  A necrophage (D:10)
  2 phantoms
  2 ice beasts
  5 centaurs
  4 ogres
  2 big kobolds
  4 lemures (D:4)
  12 bullfrogs
  2 scorpions
  6 killer bees
  8 wights
  A howler monkey (D:4)
  2 jellies
  2 hounds
  A bullfrog zombie (D:7)
  4 orc priests
  An iguana (D:5)
  Ijyb (D:4)
  6 orc wizards
  8 worker ants
  2 hound zombies
  A howler monkey zombie (D:10)
  3 gnolls (Bailey)
  A howler monkey skeleton (D:7)
  5 adders
  A shadow imp (D:7)
  4 white imps
  2 ufetubi (D:9)
  A dart slug (D:2)
  5 leopard geckos
  35 orcs
  3 giant cockroaches (D:5)
  14 goblins
  2 hobgoblins (Bailey)
  9 jackals
  2 quokkas
  A ball python (Sewer)
  3 frilled lizards
  A jackal zombie (D:6)
  18 kobolds
222 creatures vanquished.

Vanquished Creatures (others)
  3 plants (Sewer)
3 creatures vanquished.

Grand Total: 225 creatures vanquished

Notes
Turn   | Place    | Note
-------+----------+-------------------------------------------
     0 | D:1      | EnegeticOcto the Deep Dwarf Fighter began the quest for the
                  | Orb.
     0 | D:1      | Reached XP level 1. HP: 20/20 MP: 1/1
   147 | D:2      | Reached XP level 2. HP: 27/27 MP: 2/2
   259 | D:4      | Reached skill level 3 in Axes
   259 | D:4      | Reached XP level 3. HP: 31/34 MP: 3/3
   296 | D:4      | Reached XP level 4. HP: 26/42 MP: 4/4
   299 | D:4      | Found a staircase to the Ecumenical Temple.
   306 | D:4      | Noticed an ogre
   325 | D:4      | Killed an ogre
   326 | D:4      | Reached skill level 4 in Axes
   326 | D:4      | Reached XP level 5. HP: 49/49 MP: 5/5
   333 | Temple   | Entered the Ecumenical Temple
   474 | Temple   | Became a worshipper of Makhleb the Destroyer
   494 | D:4      | Noticed Pikel
   494 | D:4      | Noticed a lemure
   494 | D:4      | Noticed a lemure
   494 | D:4      | Noticed a lemure
   494 | D:4      | Noticed a lemure
   513 | D:4      | Killed a lemure
   516 | D:4      | Killed a lemure
   517 | D:4      | Killed a lemure
   538 | D:4      | Killed a lemure
   539 | D:4      | Killed Pikel
   540 | D:4      | Reached skill level 5 in Axes
   540 | D:4      | Reached XP level 6. HP: 54/57 MP: 5/8
   540 | D:4      | Reached XP level 7. HP: 60/64 MP: 5/9
   747 | D:4      | Noticed Ijyb
   768 | D:4      | Killed Ijyb
   769 | D:4      | Reached skill level 5 in Armour
   860 | D:4      | Reached skill level 5 in Shields
  1128 | D:5      | Entered Level 5 of the Dungeon
  1158 | D:5      | Reached skill level 6 in Axes
  1298 | D:5      | Reached XP level 8. HP: 47/73 MP: 8/10
  1737 | D:5      | Found a glowing drain.
  1745 | D:5      | Reached * piety under Makhleb
  1773 | Sewer    | Entered a sewer
  1874 | D:6      | Found a shimmering blue altar of Sif Muna.
  2003 | D:6      | Reached skill level 7 in Axes
  2226 | D:6      | Reached skill level 5 in Invocations
  2253 | D:6      | Found a broken altar of Ashenzari.
  2772 | D:7      | Reached skill level 5 in Fighting
  2772 | D:7      | Gained mutation: You passively map the area around you.
                  | [Deep Dwarf growth]
  2772 | D:7      | Reached XP level 9. HP: 69/81 MP: 10/12
  2837 | D:7      | Reached skill level 8 in Axes
  2865 | D:7      | Found a blossoming altar of Fedhas.
  2901 | D:7      | Found a shadowy altar of Dithmenos.
  3094 | D:7      | Found a flagged portal.
  3104 | D:7      | Reached ** piety under Makhleb
  3109 | Bailey   | Entered a bailey
  3114 | Bailey   | Noticed an orc warlord
  3170 | Bailey   | Noticed an orc knight
  3188 | Bailey   | an orc knight changed into a human
  3234 | Bailey   | Found a runed translucent gate.
  3234 | Bailey   | Found a runed translucent gate.
  3234 | Bailey   | Found a runed translucent gate.
  3423 | Bailey   | Killed an orc warlord
  3424 | Bailey   | Reached skill level 9 in Axes
  3450 | Bailey   | Identified a scroll of acquirement
  3450 | Bailey   | Acquired a +2 vorpal war axe
  3463 | Bailey   | Acquired 1285 gold pieces
  3555 | D:7      | Reached XP level 10. HP: 74/91 MP: 12/12
  3802 | D:7      | Found an opulent altar of Gozag.
  3803 | D:7      | Found a shimmering blue altar of Sif Muna.
  3867 | D:7      | Found a white marble altar of Elyvilon.
  4180 | D:8      | Noticed Maggie
  4193 | D:8      | Killed Maggie
  4194 | D:8      | Reached skill level 10 in Axes
  4201 | D:8      | Found an iron altar of Okawaru.
  4307 | D:9      | Reached *** piety under Makhleb
  4330 | D:9      | Noticed a two-headed ogre
  4341 | D:9      | Killed a two-headed ogre
  4676 | D:9      | Reached skill level 11 in Axes
  4777 | D:9      | Reached XP level 11. HP: 97/99 MP: 13/13
  4928 | D:10     | Entered Level 10 of the Dungeon
  5126 | D:10     | Noticed a boulder beetle
  5176 | D:10     | Killed a boulder beetle
  5179 | D:10     | Got an ichor-stained plate armour
  5189 | D:10     | Identified the +1 plate armour of the Tuna {Rampage rCorr
                  | Str+3} (You found it on level 10 of the Dungeon)
  5388 | D:10     | Noticed a two-headed ogre
  5398 | D:10     | Killed a two-headed ogre
  5466 | D:10     | Noticed Joseph
  5486 | D:10     | Killed Joseph
  5498 | D:10     | Noticed a two-headed ogre
  5504 | D:10     | Killed a two-headed ogre
  5504 | D:10     | Reached **** piety under Makhleb
  5545 | D:10     | Killed an unseen horror
  5625 | D:10     | Reached skill level 12 in Axes
  5944 | D:10     | Quit the game

Illustrated notes

Levels and vault maps discovered:
D:1:      ldierk_water_garden, layout_basic
D:2:      layout_loops_cross, minmay_misc_feat_square, bloody_makhleb,
          uniq_terence
D:3:      layout_basic, hangedman_decor_growths, led_sif_book
D:4:      kennysheep_the_goblin_king, layout_gridville,
          minmay_temple_entry_mist, uniq_ijyb, uniq_pikel
D:5:      layout_loops_ring, gup_sewer_entry_pipe
D:6:      layout_basic, kennysheep_mini_moat, basic_altar
D:7:      layout_loops_cross, gammafunk_temple_overflow_statue,
          marbit_many_paths, nicolae_dithmenos_through_a_glass_darkly,
          fedhas_altar_2, enter_bailey_3
D:8:      gammafunk_corrupted_shrine, layout_basic, serial_rivers,
          chequers_serial_rivers_small_b, chequers_serial_rivers_small_b,
          chequers_serial_rivers_room_b, chequers_serial_rivers_marsh,
          chequers_serial_rivers_micro_e, chequers_serial_rivers_room_a,
          okawaru_ov_weapons_minmay, uniq_maggie
D:9:      layout_loops_ring, patterned_corridor
D:10:     minmay_the_grid_square_5x5_3x3
          [minmay_the_grid_square_5x5_almost_minimal,
          minmay_the_grid_square_5x5_moneybag,
          minmay_the_grid_square_5x5_six_small,
          minmay_the_grid_square_5x5_eight,
          minmay_the_grid_square_5x5_megaprize_checkered,
          minmay_the_grid_square_5x5_forky, minmay_the_grid_square_5x5_shrine1,
          minmay_the_grid_square_5x5_doubleslash,
          minmay_the_grid_square_5x5_detours], layout_gridville, uniq_joseph
Temple:   nicolae_temple_elliptical

Skill      XL: |  1  2  3  4  5  6  7  8  9 10 11 |
---------------+----------------------------------+-----
Fighting       | 3 4 5 6 7 |  7.6
Axes           | 3 4 5 6 7 9 11 12 | 12.0
Armour         | 4 5 6 7 8 9 |  9.2
Shields        | 4 5 6 7 8 9 |  9.1
Invocations    | 2 4 5 7 8 9 |  9.7

Action                   |  1- 3 |  4- 6 |  7- 9 | 10-12 || total
-------------------------+-------+-------+-------+-------++-------
Melee: War axe           |    55 |    50 |   393 |   392 ||   890
 Abil: Heal Wounds       |       |     8 |    17 |     6 ||    31
Evoke: Wand              |       |       |     1 |       ||     1
  Use: Scroll            |       |       |    14 |     4 ||    18
       Potion            |       |       |     7 |       ||     7
Armor: Scale mail        |    21 |    27 |   154 |       ||   202
       Chain mail        |       |       |     4 |       ||     4
       Plate armour      |       |       |       |   156 ||   156
Dodge: Dodged            |    11 |    22 |   102 |    23 ||   158
Block: Kite shield       |    28 |    44 |    92 |       ||   164
       Tower shield      |       |       |   233 |   354 ||   587
